 Dungeon Crawl Stone Soup version 0.31.0-11-ge490571c62 (webtiles) character file.

Game seed: 2223122520945581578

18372 qw the Marksspriggan (level 12, -6/61 HPs)
             Began as a Spriggan Hunter on Feb 5, 2024.
             Was an Elder of Okawaru.
             Mangled by a yak (9 damage)
             ... on level 11 of the Dungeon.
             The game lasted 00:03:23 (12897 turns).

qw the Marksspriggan (Spriggan Hunter)             Turns: 12897, Time: 00:03:23

Health: -6/61      AC:  3    Str:  7    XL:     12   Next: 27%
Magic:  19/19      EV: 29    Int: 11    God:    Okawaru [****..]
Gold:   208        SH:  0    Dex: 23    Spells: 11/11 levels left

rFire   . . .        m - +0 orcbow
rCold   . . .        (shield currently unavailable)
rNeg    . . .        p - +0 troll leather armour
rPois   .            (helmet restricted)
rElec   .            j - +1 cloak
rCorr   +            (gloves unavailable)
SInv    +            (boots unavailable)
Will    ++...        (no amulet)
Stlth   ++           c - ring of resist corrosion
HPRegen 1.10/turn    (no ring)
MPRegen 0.16/turn

%: no passive effects
@: lethally poisoned (-6 -> -7), about to teleport, very quick
A: very small, no large weapons, unfitting armour, see invisible, speed 3,
deformed body, high MP 1
a: Renounce Religion, Heroism, Finesse


You were on level 11 of the Dungeon.
You worshipped Okawaru.
Okawaru was greatly pleased with you.
You visited 3 branches of the dungeon, and saw 13 of its levels.

You collected 883 gold pieces.
You spent 675 gold pieces at shops.


Innate Abilities, Weirdness & Mutations

You are very small and have problems with some larger weapons.
You are too small for most types of armour.
You have supernaturally acute eyesight. (SInv)
You cover ground extremely quickly. (Speed+++)
Armour fits poorly on your strangely shaped body.
You have an increased reservoir of magic. (+10% MP)


   Skills:
 - Level 6.1 Fighting
 - Level 15.0 Ranged Weapons
 - Level 2.1 Armour
 + Level 13.4 Dodging
 - Level 1.5 Stealth
 + Level 6.3 Invocations


You had 11 spell levels left.
You didn't know any spells.
Your spell library was empty.

Inventory:

Hand Weapons
 m - a +0 orcbow (weapon)
Armour
 j - a +1 cloak (worn)
 p - a +0 troll leather armour (worn)
Jewellery
 c - a ring of resist corrosion (left hand)
 i - a ring of fire
Wands
 e - a wand of mindburst (8)
 f - a wand of iceblast (18)
 h - a wand of acid (20)
 o - a wand of polymorph (10)
Potions
 a - 2 potions of cancellation
 b - a potion of haste
 d - 10 potions of curing
 g - 5 potions of enlightenment
 l - 3 potions of resistance
 q - a potion of lignification {unknown}
 r - 2 potions of might
 s - 2 potions of heal wounds

Dungeon Overview and Level Annotations

Branches:
Dungeon (11/15)            Temple (1/1) D:7            Lair (1/5) D:11
    Orc (0/2) D:9

Altars:
Ashenzari
Cheibriados
Dithmenos
Elyvilon
Fedhas
Gozag
Hepliaklqana
Kikubaaqudgha
Makhleb
Nemelex Xobeh
Okawaru
Qazlal
Ru
Sif Muna
Trog
Uskayaw
Vehumet
Wu Jian
Xom
Yredelemnul
Zin
The Shining One

Shops:
D:5 =*   D:10 =

Annotations:
D:7 2 transporters, qw's ghost, novice DEHu


Message History

You feel very sick. The black mamba completely misses you.
The cane toad closely misses you. The yak barely misses you.
The yak closely misses you. The black mamba bites you!!
You climb upwards.
Welcome back to the Dungeon!
You feel very sick.
There is a staircase to the Lair here.
Enter note:
Enter note:
Enter note: You shoot an arrow.
The arrow hits the black mamba but does no damage.
You feel sick. The black mamba misses you. The yak completely misses you.
The yak misses you.
You shoot an arrow.
The arrow barely misses the black mamba.
You feel sick. The black mamba completely misses you. The yak misses you.
You shoot an arrow.
The arrow barely misses the black mamba.
You feel sick. The black mamba closely misses you. The yak gores you!
The black mamba barely misses you.
You shoot an arrow. The arrow hits the black mamba!
The black mamba is moderately wounded.
You feel sick. The yak completely misses you.
The black mamba completely misses you. The yak closely misses you.
You shoot an arrow. The arrow misses the black mamba.
You feel sick. The black mamba closely misses you.
The yak completely misses you. x2; The black mamba closely misses you.
You shoot an arrow. The arrow misses the black mamba.
You feel sick. The black mamba completely misses you.
The yak completely misses you. The yak misses you.
You shoot an arrow. The arrow hits the black mamba!
The black mamba is heavily wounded.
The black mamba completely misses you. The yak completely misses you.
The yak gores you! The black mamba barely misses you.
12897 ||| READING scroll of teleportation.
As you read the scroll of teleportation, it crumbles to dust.
You feel strangely unstable.
You feel sick. The black mamba misses you. The yak gores you!
You die...

#.# #.# #.# # #.#
#.#######.# # #.#
#.#.......# # #.#
#.#.####### # #.# #.#.#
# #.# #.#.# # #.# #F#.#
## #.# ##S#.# .# #.#
#@Y#.# .# #.# ##Y#.# .#
#.# #.#.# .#
#.#####.#.#############
.#
#.......#..............
.#
#######################
.# ##


You could see a black mamba, 2 yaks and a cane toad.

Vanquished Creatures
  A hydra (D:10)
  Erolcha (D:9)
  3 centaur warriors (D:10)
  An ogre mage (D:10)
  4 boulder beetles
  A two-headed ogre (D:9)
  An orc knight (D:8)
  Pikel (D:3)
  A cyclops (D:11)
  A shining eye (shapeshifter) (D:10)
  A troll (D:11)
  A raiju (shapeshifter) (D:10)
  Sigmund (D:2)
  A wraith (D:10)
  3 shadows
  Eustachio (D:6)
  16 yaks
  2 vampire mosquitoes (D:11)
  A wyvern (D:9)
  A steam dragon (D:7)
  2 water moccasins
  An acid dragon (D:5)
  3 ice beasts
  5 orc warriors
  A sky beast (D:6)
  A black bear (D:5)
  2 ogres
  4 centaurs
  2 phantoms
  8 kobold brigands
  6 bullfrogs
  3 gnoll sergeants
  3 scorpions
  12 wights
  17 killer bees
  3 howler monkeys
  A jelly (D:6)
  A lava snake (D:8)
  A hound (D:6)
  3 bombardier beetles
  8 orc priests
  A sleepcap (D:6)
  Ijyb (D:5)
  6 iguanas
  15 orc wizards
  12 adders
  13 gnolls
  2 shadow imps
  2 ufetubi (D:5)
  3 dart slugs
  2 ribbon worms
  44 orcs
  12 endoplasms
  4 giant cockroaches
  3 goblins
  15 hobgoblins
  3 jackals
  2 quokkas
  9 ball pythons
  9 bats
  6 frilled lizards
  39 kobolds
  6 rats
339 creatures vanquished.

Notes
Turn   | Place    | Note
-------+----------+-------------------------------------------
     0 | D:1      | qw the Spriggan Hunter began the quest for the Orb.
     0 | D:1      | Reached XP level 1. HP: 10/10 MP: 2/2
     0 | D:1      | 0 ||| qw: Version: 0.3-a-160-g6735b56
     0 | D:1      | 0 ||| qw: Game counter: 6194
     0 | D:1      | 0 ||| qw: Melee chars always use a shield: true
     0 | D:1      | 0 ||| qw: God list: Okawaru
     0 | D:1      | 0 ||| qw: Allow faded altars: false
     0 | D:1      | 0 ||| qw: Do Orc after clearing Dungeon:15 true
     0 | D:1      | 0 ||| qw: Do second Lair branch before Depths: true
     0 | D:1      | 0 ||| qw: Lair rune preference: random
     0 | D:1      | 0 ||| qw: Goals: Normal
     0 | D:1      | 0 ||| PLANNING D:1-11
    67 | D:1      | Reached skill level 3 in Dodging
   148 | D:1      | Reached XP level 2. HP: 14/14 MP: 3/3
   600 | D:1      | 600 ||| READING scroll labelled FAKKAUQ RUEP.
   600 | D:1      | 600 ||| IDENTIFYING 3 yellow potions
   601 | D:1      | 601 ||| READING scroll labelled MOATHR ZIQUJEI.
   605 | D:1      | 605 ||| READING 2 scrolls labelled QESETU TEPH.
   706 | D:1      | 706 ||| READING scroll labelled OFUN EDOSAOLAJ.
   707 | D:1      | 707 ||| DROPPING scroll of butterflies.
   708 | D:1      | 708 ||| DROPPING scroll of vulnerability.
   795 | D:2      | Noticed Sigmund
   805 | D:2      | Killed Sigmund
   806 | D:2      | Reached skill level 6 in Ranged Weapons
   806 | D:2      | Reached XP level 3. HP: 16/18 MP: 4/4
   806 | D:2      | Reached XP level 4. HP: 19/22 MP: 5/5
   806 | D:2      | Reached XP level 5. HP: 22/25 MP: 6/6
  1551 | D:2      | Found a faded altar of an unknown god.
  1739 | D:2      | 1739 ||| UPGRADING to +0 cloak.
  1744 | D:2      | 1744 ||| DROPPING amulet of magic regeneration.
  1745 | D:2      | 1745 ||| READING 2 scrolls of identify.
  1745 | D:2      | 1745 ||| IDENTIFYING green potion
  1746 | D:2      | 1746 ||| READING scroll of identify.
  1746 | D:2      | 1746 ||| IDENTIFYING metallic green potion
  1747 | D:2      | 1747 ||| READING scroll labelled TYOJOR SOIB.
  1749 | D:2      | 1749 ||| Stepping ~*~*~tactically~*~*~ (cloud).
  1758 | D:2      | HP: 6/25 [poisoned by you (poison gas)]
  1956 | D:3      | Reached XP level 6. HP: 30/30 MP: 7/7
  1983 | D:3      | Found an ancient bone altar of Kikubaaqudgha.
  2443 | D:3      | 2443 ||| READING scroll labelled CYF MUURUICVILUM.
  2443 | D:3      | 2443 ||| ENCHANTING +0 cloak.
  2498 | D:4      | Noticed Pikel
  2499 | D:4      | 2499 ||| STAIRDANCE
  2503 | D:4      | 2503 ||| STAIRDANCE
  2505 | D:3      | 2505 ||| RETREEEEATING.
  2506 | D:3      | 2506 ||| RETREEEEATING.
  2507 | D:3      | 2507 ||| RETREEEEATING.
  2524 | D:3      | HP: 2/30 [Pikel/+2 whip of electrocution (10)]
  2525 | D:3      | 2525 ||| DRINKING potion of heal wounds.
  2527 | D:3      | Killed Pikel
  2528 | D:3      | Reached skill level 9 in Dodging
  2528 | D:3      | Reached XP level 7. HP: 11/35 MP: 8/8
  3041 | D:4      | Reached skill level 7 in Ranged Weapons
  3313 | D:4      | Found a broken altar of Ashenzari.
  3630 | D:4      | 3630 ||| READING scroll labelled UCIURR KAXOEWK.
  3631 | D:4      | 3631 ||| DRINKING 2 lumpy pink potions.
  3632 | D:4      | 3632 ||| DROPPING potion of attraction.
  3655 | D:5      | Entered Level 5 of the Dungeon
  3680 | D:5      | 3680 ||| RETREEEEATING.
  3685 | D:5      | 3685 ||| RETREEEEATING.
  3704 | D:5      | Reached XP level 8. HP: 31/39 MP: 9/9
  3729 | D:5      | Reached skill level 8 in Ranged Weapons
  3730 | D:5      | HP: 9/39 [black bear (3)]
  3731 | D:5      | 3731 ||| READING scroll of teleportation.
  3732 | D:5      | HP: 4/39 [black bear (4)]
  3732 | D:5      | HP: 1/39 [black bear (3)]
  3744 | D:5      | Reached skill level 3 in Fighting
  3917 | D:5      | Found Rarog's Assorted Antiques.
  3925 | D:5      | 3925 ||| BUYING bone wand (92 gold).
  3925 | D:5      | Bought a bone wand for 92 gold pieces
  3925 | D:5      | 3925 ||| BUYING jewelled bone wand (92 gold).
  3925 | D:5      | Bought a jewelled bone wand for 92 gold pieces
  3925 | D:5      | 3925 ||| SHOPLISTING potion of curing (69 gold, have 67).
  3925 | D:5      | 3925 ||| BUYING ruby potion (20 gold).
  3925 | D:5      | Bought a ruby potion for 20 gold pieces
  3925 | D:5      | 3925 ||| BUYING scroll labelled ENAWIGI US USU (23 gold).
  3925 | D:5      | Bought a scroll labelled ENAWIGI US USU for 23 gold pieces
  3925 | D:5      | 3925 ||| BUYING scroll labelled TONASTR FICHI (23 gold).
  3925 | D:5      | Bought a scroll labelled TONASTR FICHI for 23 gold pieces
  4030 | D:5      | Reached skill level 9 in Ranged Weapons
  4161 | D:5      | Noticed Ijyb
  4167 | D:5      | Killed Ijyb
  4200 | D:5      | Found a snail-covered altar of Cheibriados.
  4201 | D:5      | 4201 ||| UPGRADING to +0 acid dragon scales.
  4229 | D:5      | 4229 ||| DROPPING +0 robe.
  4371 | D:5      | 4371 ||| FLEEEEING.
  4372 | D:5      | 4372 ||| FLEEEEING.
  4373 | D:5      | 4373 ||| FLEEEEING.
  4375 | D:5      | 4375 ||| FLEEEEING.
  4412 | D:5      | Reached skill level 1 in Armour
  4706 | D:5      | Found an opulent altar of Gozag.
  4745 | D:5      | Found Goucrixa's Jewellery Shop.
  4748 | D:5      | 4748 ||| SHOPLISTING amulet of reflection (360 gold, have
                  | 66).
  4748 | D:5      | 4748 ||| SHOPLISTING amulet of the acrobat (360 gold, have
                  | 66).
  4748 | D:5      | 4748 ||| SHOPLISTING ring "Idu Juiff" {rPois Dex+6} (566
                  | gold, have 66).
  4748 | D:5      | 4748 ||| SHOPLISTING ring of ice (300 gold, have 66).
  4748 | D:5      | 4748 ||| SHOPLISTING ring of protection from fire (300
                  | gold, have 66).
  4748 | D:5      | 4748 ||| SHOPLISTING ring of willpower (300 gold, have 66).
  5047 | D:5      | 5047 ||| READING 3 scrolls of identify.
  5047 | D:5      | 5047 ||| IDENTIFYING fizzy ruby potion
  5048 | D:5      | 5048 ||| READING 2 scrolls of identify.
  5048 | D:5      | 5048 ||| IDENTIFYING fizzy dark potion
  5049 | D:5      | 5049 ||| READING scroll of identify.
  5049 | D:5      | 5049 ||| IDENTIFYING fizzy silvery potion
  5050 | D:5      | 5050 ||| READING 2 scrolls labelled ENAWIGI US USU.
  5051 | D:5      | 5051 ||| READING scroll labelled TONASTR FICHI.
  5052 | D:5      | 5052 ||| READING scroll labelled NINURH ODDUCSE.
  5153 | D:5      | 5153 ||| READING 4 scrolls labelled HAECIU TUUZEIW.
  5153 | D:5      | 5153 ||| ENCHANTING +0 shortbow.
  5154 | D:5      | 5154 ||| READING 3 scrolls of enchant weapon.
  5154 | D:5      | 5154 ||| ENCHANTING +1 shortbow.
  5155 | D:5      | 5155 ||| READING 2 scrolls of enchant weapon.
  5155 | D:5      | 5155 ||| ENCHANTING +2 shortbow.
  5156 | D:5      | 5156 ||| READING scroll of enchant weapon.
  5156 | D:5      | 5156 ||| ENCHANTING +3 shortbow.
  5157 | D:5      | 5157 ||| READING scroll labelled ZILURPH ZIX YLL.
  5158 | D:5      | 5158 ||| DRINKING 2 ruby potions.
  5159 | D:5      | 5159 ||| DROPPING potion of degeneration.
  5160 | D:5      | 5160 ||| DROPPING potion of magic.
  5161 | D:5      | 5161 ||| DROPPING scroll of fog.
  5231 | D:6      | 5231 ||| STAIRDANCE
  5237 | D:6      | 5237 ||| STAIRDANCE
  5247 | D:5      | Reached XP level 9. HP: 33/44 MP: 10/10
  5288 | D:6      | 5288 ||| STAIRDANCE
  5377 | D:6      | Reached skill level 10 in Ranged Weapons
  5510 | D:6      | Noticed Eustachio
  5539 | D:6      | Killed Eustachio
  5610 | D:6      | 5610 ||| FLEEEEING.
  5611 | D:6      | 5611 ||| FLEEEEING.
  5612 | D:6      | 5612 ||| FLEEEEING.
  5613 | D:6      | 5613 ||| FLEEEEING.
  5614 | D:6      | 5614 ||| FLEEEEING.
  5615 | D:6      | 5615 ||| FLEEEEING.
  5616 | D:6      | 5616 ||| FLEEEEING.
  5617 | D:6      | 5617 ||| FLEEEEING.
  5618 | D:6      | 5618 ||| FLEEEEING.
  5619 | D:6      | 5619 ||| FLEEEEING.
  5620 | D:6      | 5620 ||| FLEEEEING.
  5621 | D:6      | 5621 ||| FLEEEEING.
  5622 | D:6      | 5622 ||| FLEEEEING.
  5623 | D:6      | 5623 ||| FLEEEEING.
  5624 | D:6      | 5624 ||| FLEEEEING.
  5625 | D:6      | 5625 ||| FLEEEEING.
  5626 | D:6      | 5626 ||| FLEEEEING.
  5628 | D:6      | 5628 ||| FLEEEEING.
  5629 | D:6      | 5629 ||| FLEEEEING.
  5968 | D:6      | Found an opulent altar of Gozag.
  6100 | D:6      | 6100 ||| READING scroll of identify.
  6100 | D:6      | 6100 ||| IDENTIFYING dark potion
  6101 | D:6      | 6101 ||| DROPPING potion of brilliance.
  6276 | D:7      | Reached skill level 11 in Ranged Weapons
  6347 | D:7      | Found a sacrificial altar of Ru.
  6570 | D:7      | Found a transporter.
  6571 | D:7      | Noticed qw's ghost (novice DEHu)
  6572 | D:7      | Found a transporter.
  6574 | D:7      | Identified the +5 great mace of Asuriho {venom, rPois rF+
                  | Int+3}
  6574 | D:7      | Identified the +9 great mace of Fyefutan {flame, Str+2}
  6574 | D:7      | Noticed a two-headed ogre
  6580 | D:7      | 6580 ||| FLEEEEING.
  6581 | D:7      | 6581 ||| FLEEEEING.
  6638 | D:7      | Found a staircase to the Ecumenical Temple.
  6639 | D:7      | 6639 ||| PLANNING TEMPLE
  6643 | D:7      | 6643 ||| READING 2 scrolls of identify.
  6643 | D:7      | 6643 ||| IDENTIFYING grey potion
  6659 | Temple   | Entered the Ecumenical Temple
  6660 | Temple   | 6660 ||| PLANNING OKAWARU WORSHIP
  6664 | Temple   | Became a worshipper of Warmaster Okawaru
  6665 | Temple   | 6665 ||| PLANNING D:1-11
  6948 | D:8      | Reached XP level 10. HP: 49/49 MP: 11/11
  6950 | D:8      | 6950 ||| STAIRDANCE
  6975 | D:8      | 6975 ||| STAIRDANCE
  7001 | D:8      | 7001 ||| STAIRDANCE
  7044 | D:8      | 7044 ||| STAIRDANCE
  7112 | D:8      | Noticed an orc knight
  7113 | D:8      | 7113 ||| DRINKING 2 potions of haste.
  7137 | D:8      | Killed an orc knight
  7137 | D:8      | Reached * piety under Okawaru
  7138 | D:8      | Reached skill level 12 in Ranged Weapons
  7178 | D:8      | Identified the +0 short sword "Huacan" {venom, Will++
                  | Int+5}
  7428 | D:8      | 7428 ||| READING scroll of enchant armour.
  7428 | D:8      | 7428 ||| ENCHANTING +0 acid dragon scales.
  7466 | D:8      | 7466 ||| DROPPING +0 steam dragon scales.
  7477 | D:7      | Found a shadowy altar of Dithmenos.
  7603 | D:8      | Reached skill level 1 in Invocations
  7845 | D:8      | 7845 ||| SWAPPING to +0 orcbow.
  7966 | D:8      | 7966 ||| DROPPING +4 shortbow.
  7976 | D:8      | 7976 ||| RETREEEEATING.
  7979 | D:8      | 7979 ||| RETREEEEATING.
  8017 | D:8      | Reached skill level 3 in Invocations
  8245 | D:8      | 8245 ||| READING 2 scrolls of identify.
  8245 | D:8      | 8245 ||| IDENTIFYING 2 fuming golden potions
  8373 | D:9      | Reached ** piety under Okawaru
  8729 | D:9      | Found a staircase to the Orcish Mines.
  8816 | D:9      | Noticed a two-headed ogre
  8817 | D:9      | 8817 ||| INVOKING Heroism.
  8820 | D:9      | Noticed Erolcha
  8823 | D:9      | Killed a two-headed ogre
  8824 | D:9      | Reached skill level 13 in Ranged Weapons
  8830 | D:9      | Killed Erolcha
  8830 | D:9      | Reached *** piety under Okawaru
  8831 | D:9      | Reached XP level 11. HP: 55/55 MP: 13/15
  9013 | D:9      | 9013 ||| RETREEEEATING.
  9017 | D:9      | 9017 ||| RETREEEEATING.
  9018 | D:9      | 9018 ||| RETREEEEATING.
  9019 | D:9      | 9019 ||| RETREEEEATING.
  9020 | D:9      | 9020 ||| RETREEEEATING.
  9021 | D:9      | 9021 ||| RETREEEEATING.
  9022 | D:9      | 9022 ||| RETREEEEATING.
  9023 | D:9      | 9023 ||| RETREEEEATING.
  9024 | D:9      | 9024 ||| RETREEEEATING.
  9025 | D:9      | 9025 ||| RETREEEEATING.
  9026 | D:9      | 9026 ||| RETREEEEATING.
  9027 | D:9      | 9027 ||| RETREEEEATING.
  9028 | D:9      | 9028 ||| RETREEEEATING.
  9320 | D:9      | 9320 ||| READING scroll of identify.
  9320 | D:9      | 9320 ||| IDENTIFYING cyan potion
  9321 | D:9      | 9321 ||| READING scroll labelled COQAMI ZIAKOO.
  9341 | D:10     | Entered Level 10 of the Dungeon
  9355 | D:10     | 9355 ||| INVOKING Heroism.
  9361 | D:10     | Reached skill level 12 in Dodging
  9456 | D:10     | Found a burning altar of Makhleb.
  9486 | D:10     | 9486 ||| RETREEEEATING.
  9517 | D:10     | HP: 11/55 [gnoll/+0 spear[a gnoll sergeant] (7)]
  9518 | D:10     | 9518 ||| READING 2 scrolls of teleportation.
  9519 | D:10     | 9519 ||| DRINKING 3 potions of heal wounds.
  9699 | D:10     | Found Uhinuefa's Jewellery Boutique.
  9712 | D:10     | 9712 ||| SHOPLISTING +4 ring of slaying (1326 gold, have
                  | 487).
  9712 | D:10     | 9712 ||| SHOPLISTING +5 ring of evasion (612 gold, have
                  | 487).
  9712 | D:10     | 9712 ||| SHOPLISTING amulet of guardian spirit (510 gold,
                  | have 487).
  9712 | D:10     | 9712 ||| BUYING ring of fire (425 gold).
  9712 | D:10     | Bought a ring of fire for 425 gold pieces
  9712 | D:10     | 9712 ||| SHOPLISTING ring of resist corrosion (340 gold,
                  | have 62).
  9783 | D:10     | Noticed an ogre mage
  9784 | D:10     | 9784 ||| INVOKING Heroism.
  9793 | D:10     | Killed an ogre mage
  9907 | D:10     | Noticed a centaur warrior
  9908 | D:10     | 9908 ||| INVOKING Heroism.
  9917 | D:10     | Killed a centaur warrior
  9918 | D:10     | Reached skill level 14 in Ranged Weapons
  9927 | D:10     | Noticed a boulder beetle
  9939 | D:10     | 9939 ||| INVOKING Heroism.
  9949 | D:10     | Killed a boulder beetle
 10004 | D:10     | Noticed a centaur warrior
 10011 | D:10     | 10011 ||| INVOKING Heroism.
 10022 | D:10     | Killed a centaur warrior
 10161 | D:10     | Noticed an eight-headed hydra
 10162 | D:10     | 10162 ||| INVOKING Heroism.
 10169 | D:10     | Killed an eight-headed hydra
 10169 | D:10     | Reached **** piety under Okawaru
 10330 | D:10     | Noticed a centaur warrior
 10331 | D:10     | 10331 ||| INVOKING Finesse.
 10332 | D:10     | 10332 ||| INVOKING Finesse.
 10333 | D:10     | 10333 ||| INVOKING Finesse.
 10334 | D:10     | 10334 ||| INVOKING Finesse.
 10345 | D:10     | Killed a centaur warrior
 10346 | D:10     | Reached skill level 6 in Fighting
 10446 | D:10     | Noticed a boulder beetle
 10448 | D:10     | 10448 ||| INVOKING Finesse.
 10476 | D:10     | 10476 ||| INVOKING Heroism.
 10488 | D:10     | Killed a boulder beetle
 10613 | D:10     | a cane toad changed into a shining eye
 10613 | D:10     | Noticed a shining eye (shapeshifter)
 10614 | D:10     | 10614 ||| INVOKING Heroism.
 10615 | D:10     | Gained mutation: You are frail. (-10% HP) [a shining eye]
 10620 | D:10     | Gained mutation: You sometimes lose your temper in combat.
                  | [a shining eye]
 10623 | D:10     | Killed a shining eye
 10658 | D:10     | 10658 ||| DRINKING potion of mutation.
 10658 | D:10     | Lost mutation: You are frail. (-10% HP) [potion of
                  | mutation]
 10658 | D:10     | Lost mutation: You sometimes lose your temper in combat.
                  | [potion of mutation]
 10658 | D:10     | Gained mutation: Armour fits poorly on your strangely
                  | shaped body. [potion of mutation]
 10658 | D:10     | Gained mutation: You have an increased reservoir of magic.
                  | (+10% MP) [potion of mutation]
 10875 | D:10     | Noticed a cacodemon
 11131 | D:10     | 11131 ||| DROPPING ring of flight.
 11330 | D:11     | 11330 ||| RETREEEEATING.
 11332 | D:11     | 11332 ||| RETREEEEATING.
 11334 | D:11     | 11334 ||| RETREEEEATING.
 11339 | D:11     | 11339 ||| RETREEEEATING.
 11341 | D:11     | 11341 ||| INVOKING Finesse.
 11362 | D:11     | Reached XP level 12. HP: 46/61 MP: 12/18
 11484 | D:11     | Noticed a boulder beetle
 11485 | D:11     | 11485 ||| INVOKING Finesse.
 11531 | D:11     | Killed a boulder beetle
 11707 | D:11     | Found a staircase to the Lair.
 11847 | D:11     | Noticed a boulder beetle
 11849 | D:11     | 11849 ||| INVOKING Finesse.
 11885 | D:11     | Killed a boulder beetle
 11886 | D:11     | Reached skill level 15 in Ranged Weapons
 11989 | D:11     | 11989 ||| FLEEEEING.
 11990 | D:11     | 11990 ||| FLEEEEING.
 11991 | D:11     | 11991 ||| FLEEEEING.
 11992 | D:11     | 11992 ||| FLEEEEING.
 11993 | D:11     | 11993 ||| FLEEEEING.
 11995 | D:11     | 11995 ||| FLEEEEING.
 11997 | D:11     | 11997 ||| FLEEEEING.
 11999 | D:11     | 11999 ||| FLEEEEING.
 12000 | D:11     | 12000 ||| FLEEEEING.
 12011 | D:11     | Reached skill level 6 in Invocations
 12576 | D:11     | 12576 ||| PLANNING LAIR
 12576 | D:11     | 12576 ||| UPGRADING to +0 troll leather armour.
 12586 | D:11     | 12586 ||| DROPPING +1 acid dragon scales.
 12587 | D:11     | 12587 ||| UPGRADING to ring of resist corrosion.
 12733 | Lair:1   | Entered Level 1 of the Lair of Beasts
 12841 | Lair:1   | 12841 ||| RETREEEEATING.
 12842 | Lair:1   | 12842 ||| RETREEEEATING.
 12843 | Lair:1   | 12843 ||| FLEEEEING.
 12844 | Lair:1   | 12844 ||| FLEEEEING.
 12845 | Lair:1   | 12845 ||| FLEEEEING.
 12846 | Lair:1   | 12846 ||| FLEEEEING.
 12847 | Lair:1   | 12847 ||| FLEEEEING.
 12848 | Lair:1   | 12848 ||| FLEEEEING.
 12849 | Lair:1   | 12849 ||| FLEEEEING.
 12850 | Lair:1   | 12850 ||| STAIRDANCE
 12888 | Lair:1   | 12888 ||| STAIRDANCE
 12896 | D:11     | HP: 3/61 [yak (15)]
 12897 | D:11     | 12897 ||| READING scroll of teleportation.
 12897 | D:11     | Mangled by a yak

Levels and vault maps discovered:
D:1:      lemuel_arrival_cross, layout_loops_ring,
          chequers_serial_rivers_micro_d, minmay_misc_feat_alley,
          minmay_domino_4
D:2:      minmay_thinvault, layout_loops_ring,
          hellmonk_ecumenical_altar_leap_of_faith, kennysheep_cross_bottleneck,
          roderic_lattice_a, minmay_misc_feat_more_columns, uniq_sigmund
D:3:      layout_basic, kiku_gazebo_garden_becter
D:4:      minmay_spotlight, layout_basic, lemuel_doored_altar, uniq_pikel
D:5:      layout_basic, mainiacjoe_overflow_boulevard,
          nicolae_gozag_cash_rules_everything_around_me, serial_shops,
          nicolae_shop_real_fake_doors, shop_fountains,
          dreamdust_princess_corridor, minmay_manual_mail, uniq_ijyb
D:6:      layout_gridville, minmay_ruined_shrine, uniq_eustachio
D:7:      layout_loops_ring, nicolae_overflow_hidden_temple,
          nicolae_ru_sacrificial_ziggurat, minmay_temple_entry_mini_moons,
          gammafunk_ghost_smash, grunt_decor_fettered
D:8:      layout_loops_ring, kennysheep_island_fort
D:9:      layout_gridville, david_orc_3, hex_tiny, uniq_erolcha
D:10:     layout_basic, makhleb_altar_promises_db, serial_shops,
          nicolae_shop_advertising_works [nicolae_subvault_shop_adworks],
          serial_rivers, chequers_serial_rivers_micro_b,
          chequers_serial_rivers_marsh, chequers_serial_rivers_room_a,
          chequers_serial_rivers_micro_c, chequers_serial_rivers_micro_c,
          kennysheep_decorative_pillar, minmay_evil_grid
D:11:     layout_basic, lair_entry_dummy
Temple:   minmay_freezing_vapour_temple
Lair:1:   gammafunk_worm_tunnel, layout_regular_city, tgw_fedhas,
          serial_bayou_shore_b, grunt_megastairs_1, uniq_jeremiah

Skill      XL: |  1  2  3  4  5  6  7  8  9 10 11 12 |
---------------+-------------------------------------+-----
Dodging        | 3 4 5 9 11 13 | 13.4
Ranged Weapons | 6 7 9 11 13 14 15 | 15.0
Fighting       | 2 3 4 5 6 |  6.1
Armour         | 1 2 |  2.1
Invocations    | 4 6 |  6.3
Stealth        | |  1.5

Action                     |  1- 3 |  4- 6 |  7- 9 | 10-12 || total
---------------------------+-------+-------+-------+-------++-------
   Fire: Shortbow          |    53 |   164 |   469 |    72 ||   758
         Orcbow            |       |       |       |   790 ||   790
 Invoke: Heroism           |       |       |       |     9 ||     9
         Finesse           |       |       |       |     5 ||     5
    Use: Scroll            |     4 |     4 |    15 |     6 ||    29
         Potion            |       |     1 |     2 |     3 ||     6
 Armour: Robe              |     2 |    17 |    30 |       ||    49
         Acid dragon scale |       |       |    36 |   153 ||   189
         Skin              |       |       |     1 |       ||     1
         Troll leather arm |       |       |       |    16 ||    16
  Dodge: Dodged            |     9 |    70 |   209 |   586 ||   874

Table legend:
 A = Non-vault XP
 B = Vault XP
 C = Vault XP percentage of total XP
 D = Non-vault monster count
 E = Vault monster count
 F = Vault count percentage of total count
                 A         B        C        D         E       F
            +---------+---------+-------+---------+---------+-------
      Total |   15735 |   10512 |  40.1 |     287 |      52 |  15.3
            +---------+---------+-------+---------+---------+-------
        D:1 |      33 |       2 |   5.7 |      18 |       2 |  10.0
        D:2 |      40 |     262 |  86.8 |      22 |      16 |  42.1
        D:3 |     109 |     641 |  85.5 |      26 |       1 |   3.7
        D:4 |     214 |       6 |   2.7 |      11 |       2 |  15.4
        D:5 |    1054 |     456 |  30.2 |      26 |       6 |  18.8
        D:6 |     919 |     610 |  39.9 |      27 |       8 |  22.9
        D:7 |    1072 |       0 |   0.0 |      20 |       0 |   0.0
        D:8 |    1888 |     768 |  28.9 |      22 |       3 |  12.0
        D:9 |    2530 |    1110 |  30.5 |      45 |       5 |  10.0
       D:10 |    2189 |    6657 |  75.3 |      29 |       9 |  23.7
       D:11 |    4904 |       0 |   0.0 |      37 |       0 |   0.0
     Lair:1 |     783 |       0 |   0.0 |       4 |       0 |   0.0
            +---------+---------+-------+---------+---------+-------
